 Dungeon Crawl Stone Soup version 0.28.0-45-g0d030f2227 (webtiles) character file.

Game seed: 3955952867115322746

350 zeratav the Insei (level 6, 0/41 HPs)
             Began as an Octopode Transmuter on Apr 8, 2022.
             Slain by a phantom (4 damage)
             ... on level 4 of the Dungeon.
             The game lasted 00:05:15 (3939 turns).

zeratav the Insei (Octopode Transmuter)             Turns: 3939, Time: 00:05:16

Health: 0/41       AC:  1    Str: 10    XL:     6   Next: 61%
Magic:  9/9        EV: 14    Int: 15    God:
Gold:   126        SH:  0    Dex: 14    Spells: 8/9 levels left

rFire   . . .      SeeInvis .   j - +4 dagger {short}
rCold   . . .      Faith    .   (no shield)
rNeg    . . .      Spirit   .   (helmet restricted)
rPois   .          Reflect  .   (no amulet)
rElec   .          Harm     .   (no ring)
rCorr   .          Rampage  .   (no ring)
Will    .....                   (no ring)
Stlth   +++.......              (no ring)
HPRegen 0.13/turn               (no ring)
MPRegen 0.11/turn               (no ring)
                                (no ring)
                                (no ring)

@: no status effects
A: almost no armour, amphibious, 8 rings, camouflage 1, gelatinous body 1,
(nimble swimmer 1), tentacles
a: no special abilities


You were on level 4 of the Dungeon.
You visited 1 branch of the dungeon, and saw 4 of its levels.

You collected 126 gold pieces.


Innate Abilities, Weirdness & Mutations

You cannot wear most types of armour.
You are amphibious.
You can wear up to eight rings at the same time.
Your skin changes colour to match your surroundings (Stealth+).
Your rubbery body absorbs attacks. (AC +1, EV +1)
((You are camouflaged when in or above water. (Stealth+)))
You have tentacles for arms and can constrict up to eight enemies at once.


   Skills:
 + Level 2.9 Fighting
 + Level 3.4 Dodging
 + Level 3.8 Stealth
 * Level 5.1 Unarmed Combat
 - Level 2.0 Spellcasting
 - Level 2.0 Transmutations


You had 8 spell levels left.
You knew the following spells:

 Your Spells              Type           Power      Damage    Failure   Level
a - Beastly Appendage     Tmut           14%        N/A       10%         1

Your spell library contained the following spells:

 Spells                   Type           Power      Damage    Failure   Level
 Wereblood                Tmut           7%         N/A       14%         2
 Spider Form              Tmut/Pois      4%         N/A       41%         3
 Ignite Poison            Fire/Tmut/Pois 3%         N/A       45%         3
 Conjure Flame            Conj/Fire      1%         6-21      54%         3
 Mephitic Cloud           Conj/Pois/Air  1%         N/A       54%         3
 Ice Form                 Ice/Tmut       4%         N/A       82%         4
 Sticky Flame             Conj/Fire      1%         2d3       91%         4
 Freezing Cloud           Conj/Ice/Air   0%         6-21      99%         5

Inventory:

Hand Weapons
 j - a +4 dagger (weapon) {short}
   (You found it on level 3 of the Dungeon)
 l - a +0 vampiric short sword {short}
   (You took it off a kobold on level 3 of the Dungeon)
Wands
 i - a wand of acid (3)
   (You found it on level 3 of the Dungeon)
Scrolls
 a - 2 scrolls of immolation {unknown}
 c - a scroll of torment {unknown}
 d - 2 scrolls of identify {unknown}
 e - a scroll of teleportation {unknown}
 h - a scroll of noise {unknown}
Potions
 b - a potion of degeneration {unknown}
 f - a potion of curing {unknown}
 g - a potion of heal wounds {unknown}
 k - a potion of ambrosia {unknown}

Dungeon Overview and Level Annotations

Branches:
Dungeon (4/15)
 Temple: D:4-7

Altars:

Shops:
D:2

? ###.# ####<...#
.....###..[.####
#......#### ###.#.## ###
# #....####.. ..
#########.#.......###...
............^...........
#.....###....W....#Z..
#...##### #.....@....#
S. #.............
#.....n.......
#......J......
............#####
####.>.......#
#.........# #.........#
#....?....#


You could see a phantom, a necrophage, an endoplasm and a water moccasin
skeleton (dormant).


Message History

No target in view!
No target in view!
No target in view!
No target in view!
Your transformation is almost over.
l - a +0 vampiric short sword {short} You see here a kobold corpse.
Your tentacle spike disappears.
MP[+1]
Your mp is fully restored (9).
Done exploring.
Done exploring.
(D) Dungeon
Where to? (Enter - D:3 @ (x,y), ? - help)
There is a stone staircase leading down here.
You climb downwards.
There is a stone staircase leading up here.
You see here a +0 ring mail.
A phantom comes into view.
One of your tentacles grows a vicious spike.
MP[-1]
You lost 1 mp, and now have 8/9 mp.
A centaur skeleton comes into view.
An endoplasm comes into view.
You puncture the centaur skeleton! You tentacle-slap the centaur skeleton.
You squeeze the centaur skeleton.
Your transformation is almost over.
The centaur skeleton barely misses you.
The centaur skeleton kicks you but does no damage.
The centaur skeleton hits you. The centaur skeleton barely misses you.
You hit the centaur skeleton.
You pierce the centaur skeleton.
The phantom hits you.
The phantom blinks!
You blink.
You hit the centaur skeleton.
You destroy the centaur skeleton!
The phantom hits you.
The phantom blinks!
You blink.
A ball python comes into view.
HP[-9]
You take 9 damage, and now have 32/41 hp.
MASSIVE DAMAGE!! (PAUSE)
You barely miss the phantom.
Your tentacle spike misses the phantom.
The phantom misses you.
You hit the phantom.
Your tentacle-slap misses the phantom.
The phantom hits you.
HP[-6] MP[+1]
You take 6 damage, and now have 26/41 hp.
Your mp is fully restored (9).
You hit the phantom. You squeeze the phantom. The phantom hits you.
The phantom blinks!
You blink.
HP[-3]
You take 3 damage, and now have 23/41 hp.
You hit the phantom. The phantom hits you.
HP[-2]
You take 2 damage, and now have 21/41 hp.
You barely miss the phantom. Your squeeze misses the phantom.
The phantom hits you!
* * * LOW HITPOINT WARNING * * *
HP[-7]
You take 7 damage, and now have 14/41 hp.
You completely miss the phantom.
Your tentacle spike misses the phantom.
You tentacle-slap the phantom. The phantom hits you.
* * * LOW HITPOINT WARNING * * *
The phantom blinks!
You blink.
An endoplasm, a necrophage and a water moccasin skeleton come into view.
Found a scroll labelled GEOL YSODWOLU.
Found a stone staircase leading down.
HP[-4]
You take 4 damage, and now have 10/41 hp.
You closely miss the phantom.
The endoplasm quivers.
The phantom hits you.
* * * LOW HITPOINT WARNING * * *
HP[-6]
You take 6 damage, and now have 4/41 hp.
You miss the phantom. Your squeeze misses the phantom.
Your tentacle spike disappears.
The phantom closely misses you.
You completely miss the phantom.
You squeeze the phantom, but do no damage.
The phantom hits you.
* * * LOW HITPOINT WARNING * * *
The phantom blinks!
You blink.
HP[-1]
You take 1 damage, and now have 3/41 hp.
You hit the endoplasm.
You kill the endoplasm!
The phantom barely misses you.
You miss the phantom. You tentacle-slap the phantom.
Your squeeze misses the phantom.
The endoplasm quivers.
The phantom closely misses you.
You hit the phantom.
You squeeze the phantom, but do no damage.
The phantom barely misses you.
HP[+1]
You hit the phantom. The phantom hits you.
You die...

Skill      XL: |  1  2  3  4  5  6 |
---------------+-------------------+-----
Stealth        | 1 2 3 |  3.8
Unarmed Combat | 4 5 |  5.1
Fighting       | 2 |  2.9
Dodging        | 3 |  3.4
Spellcasting   | |  2.0
Transmutations | |  2.0

Action                   |  1- 3 |  4- 6 || total
-------------------------+-------+-------++-------
Melee: Unarmed           |    48 |    49 ||    97
       Constrict         |    10 |    17 ||    27
       Tentacles         |    10 |    13 ||    23
       Kick              |     6 |    13 ||    19
       Punch             |     3 |     4 ||     7
       Dagger            |       |    38 ||    38
 Cast: Beastly Appendage |     9 |    19 ||    28
 Stab: Sleeping          |     6 |    11 ||    17
Armor: Skin              |     4 |     2 ||     6
Dodge: Dodged            |    22 |    43 ||    65

Levels and vault maps discovered:
D:1:      nicolae_arrival_memento_mori, layout_loops_corners, minivault_19
D:2:      layout_basic, serial_shops, shop, minivault_25, uniq_jessica,
          uniq_sigmund, uniq_natasha
D:3:      layout_basic, basic_ecumenical_altar
D:4:      layout_rooms, minmay_pentomino_pile, uniq_eustachio

Notes
Turn   | Place    | Note
-------+----------+-------------------------------------------
     0 | D:1      | zeratav the Octopode Transmuter began the quest for the
                  | Orb.
     0 | D:1      | Reached XP level 1. HP: 13/13 MP: 3/3
     0 | D:1      | magus.rc [v1.9.6]
   504 | D:1      | Reached skill level 1 in Stealth
   504 | D:1      | Reached XP level 2. HP: 15/18 MP: 5/5
  1247 | D:1      | You add the spells Conjure Flame, Ignite Poison and Sticky
                  | Flame to your library.
  1282 | D:1      | You add the spells Mephitic Cloud and Freezing Cloud to
                  | your library.
  1413 | D:2      | Noticed Natasha
  1425 | D:2      | Killed Natasha
  1426 | D:2      | Reached XP level 3. HP: 19/24 MP: 4/6
  1580 | D:2      | Noticed Natasha
  1587 | D:2      | Killed Natasha
  1588 | D:2      | Reached skill level 2 in Stealth
  1588 | D:2      | Reached XP level 4. HP: 17/29 MP: 7/7
  1722 | D:2      | Found Qymo's Magic Scroll Shoppe.
  1947 | D:2      | Reached skill level 4 in Unarmed Combat
  2069 | D:2      | Reached skill level 2 in Fighting
  2375 | D:2      | Noticed Jessica
  2383 | D:2      | Killed Jessica
  2384 | D:2      | Reached XP level 5. HP: 34/34 MP: 6/8
  2404 | D:2      | Noticed Sigmund
  2418 | D:2      | Killed Sigmund
  2419 | D:2      | Reached skill level 3 in Dodging
  2419 | D:2      | Reached skill level 3 in Stealth
  2419 | D:2      | Reached XP level 6. HP: 11/41 MP: 7/9
  3634 | D:3      | Reached skill level 5 in Unarmed Combat
  3761 | D:3      | Found a faded altar of an unknown god.
  3932 | D:4      | HP: 10/41 [phantom (4)]
  3932 | D:4      | Noticed a necrophage
  3933 | D:4      | HP: 4/41 [phantom (6)]
  3939 | D:4      | Slain by a phantom

Vanquished Creatures
  Sigmund (D:2)
  A centaur skeleton (D:4)
  Jessica (D:2)
  Natasha (twice) (D:2)
  2 adders
  2 worms
  4 dart slugs
  5 endoplasms
  3 giant cockroaches
  5 goblins
  3 hobgoblins
  4 jackals (D:2)
  3 kobolds
  A quokka (D:1)
  8 ball pythons
  8 bats
  5 frilled lizards
  8 rats
66 creatures vanquished.

Table legend:
 A = Non-vault XP
 B = Vault XP
 C = Vault XP percentage of total XP
 D = Non-vault monster count
 E = Vault monster count
 F = Vault count percentage of total count
                 A         B        C        D         E       F
            +---------+---------+-------+---------+---------+-------
      Total |     202 |     299 |  59.7 |      63 |       3 |   4.5
            +---------+---------+-------+---------+---------+-------
        D:1 |      32 |       0 |   0.0 |      19 |       0 |   0.0
        D:2 |      81 |     299 |  78.7 |      20 |       3 |  13.0
        D:3 |      48 |       0 |   0.0 |      22 |       0 |   0.0
        D:4 |      41 |       0 |   0.0 |       2 |       0 |   0.0
            +---------+---------+-------+---------+---------+-------

Illustrated notes

Table legend:
 A = Kills in this place as a percentage of kills in entire the game.
 B = Kills by you in this place as a percentage of kills by you in the entire game.
 C = Kills by friends in this place as a percentage of kills by friends in the entire game.
 D = Other kills in this place as a percentage of other kills in the entire game.
 E = Experience gained in this place as a percentage of experience gained in the entire game.
 F = Experience gained in this place divided by the number of levels of this place that you have seen.
                   A       B       C       D       E      F
               +-------+-------+-------+-------+-------+----------------------
         Total | 100.0 | 100.0 |   N/A |   N/A | 100.0 | 125.2
       Dungeon | 100.0 | 100.0 |   N/A |   N/A | 100.0 | 125.2
               +-------+-------+-------+-------+-------+----------------------

Table legend: (Time is in decaauts)
 A = Elapsed time spent in this place.
 B = Non-inter-level travel time spent in this place.
 C = Inter-level travel time spent in this place.
 D = Time resting spent in this place.
 E = Time spent auto-exploring this place.
 F = Levels seen in this place.
 G = Mean time per level.
                   A        B        C        D        E       F      G
               +--------+--------+--------+--------+--------+-----+--------+
         Total |   3931 |   3861 |     70 |    224 |   3165 |   4 |  982.8 |
       Dungeon |   3931 |   3861 |     70 |    224 |   3165 |   4 |  982.8 |
               +--------+--------+--------+--------+--------+-----+--------+

Top non-repeatable levels by time:
     D:2: 1588 daAuts
     D:1: 1358 daAuts
     D:3: 960 daAuts
     D:4: 23 daAuts
